 Dungeon Crawl Stone Soup version 0.23.2-30-g0e89c35649 (webtiles) character file.

Game seed: 11107672244459641485

79040 MoralSupport the Eclecticist (level 15, -2/72 HPs)
             Began as a Spriggan Venom Mage on June 11, 2019.
             Was a High Priest of Hepliaklqana.
             Slain by a wolf spider (12 damage)
             ... while paralysed by a hornet
             ... on level 3 of the Spider Nest.
             The game lasted 03:52:40 (40569 turns).

MoralSupport the Eclecticist (Spriggan Venom Mage) Turns: 40569, Time: 03:52:46

Health: -2/72      AC:  7    Str:  5    XL:     15   Next: 19%
Magic:  33/44      EV:  4    Int: 22    God:    Hepliaklqana [*****.]
Gold:   1832       SH:  0    Dex: 19    Spells: 19/45 levels left

rFire    . . .     SeeInvis +   d - staff of conjuration
rCold    . . .     Gourm    .   (shield currently unavailable)
rNeg     + . .     Faith    .   R - +2 robe {MR+}
rPois    .         Spirit   .   (helmet restricted)
rElec    .         Reflect  .   T - +2 cloak {MR+}
rCorr    .         Harm     .   (gloves unavailable)
MR       ++++.                  (boots unavailable)
Stlth    +++.......             (no amulet)
HPRegen  0.22/turn              U - ring of Gukeun {rN+ Dex+2 SInv}
MPRegen  0.29/turn              C - ring of magical power

@: paralysed, marked, slow
A: very small, unfitting armour, reduced essence, see invisible, herbivore,
speed 3, slow metabolism 2
a: Recall Ancestor, Ancestor Identity, Transference, Idealise, Renounce Religion


You were on level 3 of the Spider Nest.
You worshipped Hepliaklqana.
Hepliaklqana was extremely pleased with you.
You were not hungry.

You visited 4 branches of the dungeon, and saw 22 of its levels.

You collected 1832 gold pieces.

Inventory:

Hand Weapons
 D - a +2 dagger of speed
 G - the +10 quarterstaff of Pestilence {flame, *Slow +Rage rC+ SInv}
   (You took it off an orc on level 9 of the Dungeon)

   It has been specially enchanted to burn those struck by it, causing extra
   injury to most foes and up to half again as much damage against particularly
   susceptible opponents.
   It protects you from cold.
   It lets you see invisible.
   It lets you go berserk.
   It may slow you when you take damage.
Armour
 f - a +1 robe of positive energy
 M - a +2 cloak
 R - a +2 robe of magic resistance (worn)
 S - a +1 robe of resistance
 T - a +2 cloak of magic resistance (worn)
Magical Staves
 d - an uncursed staff of conjuration (weapon)
Jewellery
 y - an uncursed ring of wizardry
 C - a ring of magical power (right hand)
 O - an uncursed ring of positive energy
 U - the ring of Gukeun (left hand) {rN+ Dex+2 SInv}
   (You found it on level 2 of the Spider Nest)

   [ring of positive energy]

   It affects your dexterity (+2).
   It protects you from negative energy.
   It lets you see invisible.
Wands
 a - a wand of random effects (32)
 n - a wand of enslavement (17)
 v - a wand of flame (38)
 I - a wand of paralysis (4)
 L - a wand of scattershot (4)
Scrolls
 b - 14 scrolls of remove curse
 g - 3 scrolls of blinking {unknown}
 i - 9 scrolls of identify
 j - 9 scrolls of teleportation
 k - a scroll of magic mapping
 m - 3 scrolls of amnesia
 p - a scroll of noise {unknown}
 q - 4 scrolls of fear {unknown}
 u - 4 scrolls of enchant armour
 w - 3 scrolls of enchant weapon
 B - 2 scrolls of fog
 F - a scroll of random uselessness {unknown}
 N - 2 scrolls of immolation {unknown}
 P - a scroll of silence {unknown}
 Q - 3 scrolls of torment {unknown}
Potions
 e - 4 potions of flight
 h - a potion of invisibility {unknown}
 l - 6 potions of curing
 o - 3 potions of might
 r - 2 potions of heal wounds
 s - 4 potions of agility
 t - a potion of mutation {unknown}
 x - 2 potions of lignification {unknown}
 z - a potion of resistance
 A - 2 potions of magic {unknown}
 H - a potion of brilliance {unknown}
 J - a potion of degeneration {unknown}
 K - 3 potions of haste {unknown}
Miscellaneous
 E - a phantom mirror
Comestibles
 c - 5 rations


   Skills:
 * Level 10.0 Fighting
 - Level 1.2 Staves
 - Level 13.5 Dodging
 - Level 10.9 Stealth
 + Level 15.7 Spellcasting
 + Level 7.0 Conjurations
 * Level 6.2 Summonings
 - Level 8.2 Air Magic
 - Level 7.5 Poison Magic
 * Level 4.9 Invocations
 - Level 4.0 Evocations


You had 19 spell levels left.
You knew the following spells:

 Your Spells              Type           Power        Failure   Level  Hunger
a - Sting                 Conj/Pois      ####         1%          1    None
b - Poisonous Vapours     Pois/Air       ######       1%          2    None
c - Mephitic Cloud        Conj/Pois/Air  ######..     1%          3    None
d - Shock                 Conj/Air       ####         1%          1    None
e - Airstrike             Air            ######....   1%          4    None
f - Summon Butterflies    Summ           #####...     1%          1    None
g - Summon Ice Beast      Ice/Summ       ####....     10%         4    None
h - Venom Bolt            Conj/Pois      ######....   4%          5    ##.....
i - Lightning Bolt        Conj/Air       ######....   4%          5    ##.....

Your spell library contained the following spells:

 Spells                   Type           Power        Failure   Level  Hunger
 Swiftness                Chrm/Air       #####...     1%          2    None
 Call Canine Familiar     Summ           #####...     1%          3    None
 Static Discharge         Conj/Air       ######..     1%          3    None
 Olgreb's Toxic Radiance  Pois           ######..     1%          4    None
 Spider Form              Tmut/Pois      ####......   2%          3    None
 Beastly Appendage        Tmut           ###...       3%          1    None
 Confusing Touch          Hex            ###...       3%          1    None
 Slow                     Hex            ###.....     4%          2    None
 Sticks to Snakes         Tmut           ###.....     4%          2    None
 Silence                  Hex/Air        #####.....   17%         5    ##.....
 Summon Mana Viper        Hex/Summ       ####....     26%         5    ##.....
 Cause Fear               Hex            ###.......   32%         4    None
 Ice Form                 Ice/Tmut       ###.....     32%         4    None
 Leda's Liquefaction      Hex/Erth       ###.......   32%         4    None
 Blade Hands              Tmut           ###.......   67%         5    ##.....
 Yara's Violent Unravell  Hex/Tmut       ###.......   67%         5    ##.....
 Deflect Missiles         Chrm/Air       #####.....   67%         6    #####..
 Summon Hydra             Summ           #####.....   92%         7    ######.
 Discord                  Hex            ###.......   100%        8    #######


Dungeon Overview and Level Annotations

Branches:
Dungeon (13/15)            Temple (0/1) D:7            Lair (4/6) D:9
  Swamp (0/4) Lair:2       Spider (3/4) Lair:4          Orc (2/2) D:10
    Elf (0/3) Orc:2        Vaults (0/5) D:13

Altars:
Cheibriados
Dithmenos
Elyvilon
Gozag
Hepliaklqana
Makhleb
Nemelex Xobeh
Qazlal
Ru
Uskayaw
Vehumet
Xom
Yredelemnul
Beogh

Shops:
D:8 =   D:11 (   Orc:2 (::}[

Annotations:
D:9 exclusion: downstairs
D:13 1 transporter
Lair:2 2 transporters, Suk Xiy's ghost, journeyman DrTm
Spider:1 exclusion: Roxanne, Roxanne


Innate Abilities, Weirdness & Mutations

You are very small and have problems with some larger weapons.
You are too small for most types of armour.
You have supernaturally acute eyesight. (SInv)
You are a herbivore.
You cover ground extremely quickly.
You need to consume almost no food.
Your life essence is reduced to manifest your ancestor. (-10% HP)


Message History

The hornet is engulfed in noxious fumes.
You enter the shallow water.
Moving in this stuff is going to be slow.
The hornet is engulfed in noxious fumes. x2
The wolf spider is engulfed in noxious fumes.
The hornet is engulfed in noxious fumes.
The hornet appears confused.
The hornet is engulfed in noxious fumes.
The hornet appears confused.
The hornet stings you!
* * * LOW HITPOINT WARNING * * *
You suddenly lose the ability to move!
The hornet is engulfed in noxious fumes.
The hornet appears confused.
The hornet buzzes around in tight circles.
The hornet is engulfed in noxious fumes.
The hornet appears confused.
A redback comes into view.
The wolf spider is engulfed in noxious fumes.
The wolf spider hits you!
You die...

## #≈## #≈≈≈##
####++#y≈≈≈≈#
.###.○☼°.y○☼≈≈≈#
.s≈.≈○y☼@y○≈≈≈≈≈
.###.y☼.≈s○○≈≈≈≈
#≈≈##++#≈≈≈≈≈≈
#≈≈ ###≈≈# #≈ ##
#


You could see a wolf spider, 5 hornets and a redback.

Vanquished Creatures
  Agnes (Spider:2)
  Donald (Spider:1)
  Azrael (D:12)
  2 vault guards
  Erolcha (Orc:2)
  4 hydras
  A centaur warrior (D:13)
  2 two-headed ogres
  A tengu warrior (D:13)
  A fire crab (shapeshifter) (D:13)
  An unseen horror (D:10)
  2 orc knights (Orc:2)
  Pikel (D:4)
  3 orb spiders (Spider:2)
  6 orc sorcerers
  7 wolf spiders
  A manticore (D:12)
  An ugly thing (D:11)
  3 cyclopes
  A deep elf mage (D:12)
  A moth of wrath (Spider:3)
  2 black mambas
  A gargoyle (D:10)
  4 spiny frogs
  3 kobold demonologists (D:11)
  A komodo dragon (D:13)
  3 trolls
  11 jumping spiders
  Prince Ribbit (D:5)
  2 blink frogs (Lair:4)
  A hornet (Spider:2)
  A meliai zombie (D:13)
  A slime creature (D:13)
  2 hippogriffs
  Sigmund (D:4)
  20 redbacks
  23 yaks
  A hog (D:12)
  6 tarantellas
  A wraith (D:7)
  3 wyverns
  Eustachio (D:5)
  A steam dragon (D:13)
  A basilisk (Lair:3)
  A vampire mosquito (D:12)
  3 wargs (Orc:2)
  A hell hound (D:12)
  4 water moccasins
  7 porcupines
  A slave (D:5)
  8 orc warriors
  A black bear (D:12)
  An eye of draining (D:13)
  10 ogres
  A sky beast (D:7)
  A wolf (Lair:2)
  8 centaurs
  3 crocodiles (D:9)
  2 big kobolds
  3 bullfrogs
  A wyvern zombie (D:10)
  A wyvern skeleton (D:9)
  A scorpion (D:4)
  3 wights
  18 killer bees
  4 crimson imps
  8 hounds
  3 jellies
  14 orc priests
  24 orc wizards
  4 battlemagi
  6 iguanas
  7 worker ants
  A polar bear simulacrum (D:9)
  2 wolf simulacra (D:9)
  2 yak simulacra (D:9)
  2 hound skeletons
  A mummy (D:7)
  10 adders
  An ancestor (D:6)
  10 gnolls
  4 shadow imps
  3 oozes (D:8)
  An adder skeleton (D:4)
  2 worms (D:3)
  2 dart slugs
  3 leopard geckos
  79 orcs
  2 ball pythons
  6 giant cockroaches
  11 goblins
  2 hobgoblins (D:2)
  7 jackals
  30 kobolds
  6 quokkas
  5 bats
  4 frilled lizards
  A giant cockroach zombie (D:6)
  A leopard gecko zombie (D:5)
  2 quokka skeletons
  6 rats
  A river rat simulacrum (D:9)
  A butterfly (D:6)
490 creatures vanquished.

Vanquished Creatures (collateral kills)
  Nikola (Spider:1)
  Kirke (D:12)
  An emperor scorpion (Spider:1)
  Nessos (Lair:4)
  A hydra (D:11)
  2 vault guards
  A centaur warrior (D:13)
  A tengu warrior (D:13)
  An orc high priest (Orc:2)
  An unseen horror (D:11)
  2 orc knights
  A necromancer (D:9)
  3 orc sorcerers (Orc:2)
  2 ugly things
  3 wolf spiders
  An orb spider (Spider:1)
  2 black mambas
  4 spiny frogs
  A centaur skeleton (D:13)
  9 demonic crawlers
  A komodo dragon (Lair:4)
  A jumping spider (Spider:2)
  4 trolls
  A queen bee (Lair:3)
  Grinder (D:3)
  A blink frog (Lair:4)
  A hippogriff (Lair:2)
  11 redbacks
  3 tarantellas
  A wraith (D:7)
  2 wyverns
  17 yaks
  A fire elemental (D:12)
  A basilisk (shapeshifter) (D:9)
  4 vampire mosquitoes (D:12)
  Menkaure (D:4)
  7 wargs (Orc:2)
  2 hell hounds (D:12)
  5 water moccasins
  7 orc warriors
  2 porcupines (D:9)
  A phantom (D:10)
  3 sky beasts
  A necrophage (D:7)
  3 ogres
  5 wolves (Lair:3)
  4 crocodiles
  A centaur (D:9)
  3 big kobolds
  6 bullfrogs
  An elf skeleton (D:7)
  A scorpion (D:6)
  A water moccasin skeleton (D:6)
  11 killer bees
  2 wights (D:6)
  A crimson imp (D:8)
  4 human zombies (D:7)
  4 jellies
  25 orc wizards
  A bullfrog skeleton (D:7)
  6 orc priests
  3 hounds
  A human skeleton (D:7)
  5 worker ants
  2 polar bear simulacra (D:9)
  A wolf simulacrum (D:9)
  2 yak simulacra (D:9)
  An ogre zombie (D:7)
  A hound zombie (D:7)
  2 hound skeletons
  A mummy (D:7)
  A worker ant zombie (D:8)
  2 adders
  4 gnolls
  A shadow imp (D:5)
  2 oozes (D:8)
  A leopard gecko (D:11)
  20 orcs
  3 jackals
  A quokka (D:9)
  2 kobolds (D:9)
  A butterfly (D:6)
  2 fungi (Lair:2)
  2 plants (Lair:4)
258 creatures vanquished.

Vanquished Creatures (others)
  A slave (D:5)
  A killer bee (Lair:3)
  An orc wizard (Orc:2)
  38 battlemagi
  4 ancestors
  An adder (D:5)
  A bush (D:9)
  3 fungi
  11 plants (D:9)
61 creatures vanquished.

Grand Total: 809 creatures vanquished

Notes
Turn   | Place    | Note
-------+----------+-------------------------------------------
     0 | D:1      | MoralSupport the Spriggan Venom Mage began the quest for
                  | the Orb.
     0 | D:1      | Reached XP level 1. HP: 9/9 MP: 5/5
   327 | D:1      | Reached skill level 3 in Spellcasting
   389 | D:1      | Reached XP level 2. HP: 13/13 MP: 2/7
   440 | D:1      | Learned a level 2 spell: Poisonous Vapours
  1595 | D:3      | Reached XP level 3. HP: 16/16 MP: 4/8
  1740 | D:2      | Reached XP level 4. HP: 16/21 MP: 2/10
  1869 | D:3      | Reached skill level 1 in Conjurations
  2730 | D:3      | Noticed an ogre
  2887 | D:3      | Reached skill level 4 in Spellcasting
  2962 | D:3      | Reached XP level 5. HP: 25/25 MP: 9/12
  3252 | D:3      | Noticed Grinder
  3304 | D:3      | Paralysed by Grinder for 6 turns
  3503 | D:3      | Killed an ogre
  3503 | D:3      | Reached skill level 1 in Fighting
  3863 | D:3      | Paralysed by Grinder for 6 turns
  4020 | D:4      | Reached XP level 6. HP: 30/30 MP: 10/13
  4047 | D:4      | Learned a level 3 spell: Mephitic Cloud
  4156 | D:4      | Found a white marble altar of Elyvilon.
  4253 | D:4      | Noticed Menkaure
  4337 | D:4      | Noticed Sigmund
  4781 | D:4      | Reached skill level 5 in Spellcasting
  5037 | D:4      | Reached skill level 5 in Stealth
  5053 | D:4      | Found an opulent altar of Gozag.
  5054 | D:4      | Found a hazy altar of Hepliaklqana.
  5077 | D:4      | Became a worshipper of Hepliaklqana the Forgotten
  5273 | D:4      | Reached XP level 7. HP: 30/30 MP: 11/15
  5377 | D:4      | Killed Sigmund
  5377 | D:4      | Reached skill level 5 in Poison Magic
  5532 | D:4      | Killed Menkaure
  5532 | D:4      | Reached skill level 5 in Dodging
  6127 | D:5      | Entered Level 5 of the Dungeon
  6173 | D:5      | Found a sparkling altar of Nemelex Xobeh.
  6302 | D:5      | Reached skill level 6 in Spellcasting
  6370 | D:5      | Found a radiant altar of Vehumet.
  6410 | D:5      | Learned a level 1 spell: Shock
  6641 | D:5      | Reached skill level 1 in Air Magic
  6697 | D:5      | Reached XP level 8. HP: 35/35 MP: 6/18
  7258 | D:5      | Noticed Eustachio
  7263 | D:5      | Noticed Prince Ribbit
  7335 | D:5      | Found a burning altar of Makhleb.
  7376 | D:5      | Found a white marble altar of Elyvilon.
  7435 | D:5      | Reached * piety under Hepliaklqana
  7451 | D:5      | Killed Prince Ribbit
  7589 | D:5      | Noticed Pikel
  7699 | D:4      | Killed Pikel
  8001 | D:5      | Killed Eustachio
  8074 | D:5      | Found a stormy altar of Qazlal.
  8164 | D:5      | Found a hide-covered altar of Uskayaw.
  8164 | D:5      | Found a snail-covered altar of Cheibriados.
  8210 | D:6      | Reached XP level 9. HP: 39/39 MP: 1/19
  8751 | D:6      | Identified the Handbook of Bewitching Feathers
  9313 | D:6      | Found a shimmering altar of Xom.
  9313 | D:6      | Reached ** piety under Hepliaklqana
  9314 | D:6      | Remembered your ancestor Bozidara as a battlemage
 10147 | D:7      | Found a staircase to the Ecumenical Temple.
 10961 | D:7      | Reached *** piety under Hepliaklqana
 11089 | D:7      | Found a basalt altar of Yredelemnul.
 11284 | D:7      | Reached skill level 10 in Stealth
 11391 | D:7      | Reached XP level 10. HP: 45/45 MP: 18/20
 11991 | D:8      | Learned a level 4 spell: Airstrike
 12272 | D:8      | Found Lixzop's Jewellery Emporium.
 12284 | D:8      | Reached skill level 7 in Spellcasting
 13185 | D:9      | Reached skill level 5 in Fighting
 13185 | D:9      | Reached skill level 5 in Air Magic
 13487 | D:9      | Reached skill level 8 in Spellcasting
 13793 | D:9      | Found a staircase to the Lair.
 13931 | D:9      | Reached **** piety under Hepliaklqana
 13991 | D:9      | Found a sacrificial altar of Ru.
 14314 | D:9      | Noticed a two-headed ogre
 14336 | D:9      | Killed a two-headed ogre
 14703 | D:9      | Identified the +10 quarterstaff of Pestilence {flame, *Slow
                  | +Rage rC+ SInv}
 14703 | D:9      | Noticed a necromancer
 14727 | D:9      | Killed a necromancer
 14727 | D:9      | Reached skill level 10 in Dodging
 14727 | D:9      | Reached XP level 11. HP: 50/50 MP: 14/24
 15129 | D:10     | Entered Level 10 of the Dungeon
 15441 | D:10     | Noticed an unseen horror
 15453 | D:10     | Killed an unseen horror
 16148 | D:10     | Found a staircase to the Orcish Mines.
 17269 | D:11     | Noticed a white ugly thing
 17280 | D:11     | Killed a white ugly thing
 17453 | D:11     | Noticed a sixfirhy
 17888 | D:11     | Found Zatohuut's Antique Weapon Boutique.
 17938 | D:11     | Noticed an unseen horror
 17944 | D:11     | Killed an unseen horror
 18522 | D:5      | Found a shadowy altar of Dithmenos.
 18698 | D:3      | Killed Grinder
 18940 | Lair:1   | Entered Level 1 of the Lair of Beasts
 19139 | Lair:1   | Reached XP level 12. HP: 56/56 MP: 18/25
 19605 | Lair:1   | Reached ***** piety under Hepliaklqana
 19980 | Lair:1   | Reached skill level 5 in Conjurations
 20291 | Lair:2   | Reached skill level 1 in Staves
 20412 | Lair:2   | Learned a level 1 spell: Summon Butterflies
 20552 | Lair:2   | Noticed a four-headed hydra
 20747 | Lair:2   | Killed a four-headed hydra
 20818 | Lair:2   | Found a transporter.
 20818 | Lair:2   | Noticed a four-headed hydra
 21315 | Lair:2   | Found a transporter.
 21319 | Lair:2   | Noticed Suk Xiy's ghost (journeyman DrTm)
 21574 | Lair:2   | Noticed a four-headed hydra
 21589 | Lair:2   | Killed a four-headed hydra
 21717 | Lair:2   | Found a staircase to the Swamp.
 22163 | Lair:2   | Reached skill level 1 in Summonings
 24198 | Lair:4   | Noticed Nessos
 24217 | Lair:4   | Killed Nessos
 24402 | Lair:4   | Reached skill level 9 in Spellcasting
 24513 | Lair:4   | Reached XP level 13. HP: 62/62 MP: 9/27
 25266 | Lair:4   | Found a hole to the Spider Nest.
 25570 | Lair:3   | Learned a level 4 spell: Summon Ice Beast
 25668 | Orc:1    | Entered Level 1 of the Orcish Mines
 25709 | Orc:1    | Reached skill level 10 in Spellcasting
 26011 | Orc:2    | Entered Level 2 of the Orcish Mines
 26011 | Orc:2    | Found a staircase to the Elven Halls.
 26558 | Orc:2    | Reached skill level 1 in Evocations
 26937 | Orc:2    | Reached skill level 11 in Spellcasting
 28433 | Orc:2    | Noticed Erolcha
 28451 | Orc:2    | Killed Erolcha
 28656 | Orc:2    | Found Adebb's Antique Weapon Shoppe.
 28656 | Orc:2    | Found Vouxa's Book Boutique.
 28675 | Orc:2    | Reached skill level 12 in Spellcasting
 29155 | Orc:2    | Found a roughly hewn altar of Beogh.
 29170 | Orc:2    | Found Utwun's Book Shoppe.
 29170 | Orc:2    | Found Arryn's Gadget Boutique.
 29733 | Orc:2    | Found Heroos's Antique Armour Emporium.
 30520 | D:11     | Learned a level 5 spell: Venom Bolt
 31360 | D:12     | Reached skill level 1 in Invocations
 31368 | D:12     | Noticed Azrael
 31564 | D:12     | Killed Azrael
 31869 | D:12     | Learned a level 5 spell: Lightning Bolt
 31925 | D:12     | Reached skill level 13 in Spellcasting
 31934 | D:12     | Reached XP level 14. HP: 67/67 MP: 2/32
 32307 | D:12     | Found an opulent altar of Gozag.
 32445 | D:12     | Noticed Kirke
 32456 | D:12     | Killed Kirke
 33500 | D:13     | Found a transporter.
 33501 | D:13     | Noticed an azure jelly
 33760 | D:13     | Found a gate to the Vaults.
 33915 | D:12     | Reached skill level 5 in Summonings
 34682 | D:13     | Reached skill level 14 in Spellcasting
 35962 | D:13     | Found a transporter.
 36528 | Spider:1 | Entered Level 1 of the Spider Nest
 36528 | Spider:1 | Noticed Donald
 36538 | Spider:1 | Killed Donald
 36980 | Spider:1 | Noticed an emperor scorpion
 37015 | Spider:1 | Killed an emperor scorpion
 37306 | Spider:1 | Noticed Nikola
 37455 | Spider:1 | Killed Nikola
 37748 | Spider:1 | Reached skill level 15 in Spellcasting
 38290 | Spider:1 | Noticed Roxanne
 39338 | Spider:2 | Reached XP level 15. HP: 72/72 MP: 18/35
 39587 | Spider:2 | Noticed Agnes
 39599 | Spider:2 | Killed Agnes
 39915 | Spider:2 | Got a glittering pewter ring
 39917 | Spider:2 | Identified the ring of Gukeun {rN+ Dex+2 SInv} (You found
                  | it on level 2 of the Spider Nest)
 39945 | Spider:2 | Reached skill level 10 in Fighting
 40569 | Spider:3 | Paralysed by a hornet for 2 turns
 40569 | Spider:3 | Slain by a wolf spider

Skill      XL: |  1  2  3  4  5  6  7  8  9 10 11 12 13 14 15 |
---------------+----------------------------------------------+-----
Spellcasting   | 3 4 5 6 8 9 13 15 | 15.7
Poison Magic   | 4 5 6 7 |  7.5
Conjurations   | 1 2 4 6 7 |  7.0
Stealth        | 4 5 7 10 | 10.9
Fighting       | 1 2 3 4 5 7 8 9 10 | 10.0
Dodging        | 4 5 6 8 10 12 13 | 13.5
Air Magic      | 1 4 6 8 |  8.2
Staves         | 1 |  1.2
Summonings     | 2 4 5 6 |  6.2
Evocations     | 4 |  4.0
Invocations    | 1 4 |  4.9

Action                   |  1- 3 |  4- 6 |  7- 9 | 10-12 | 13-15 || total
-------------------------+-------+-------+-------+-------+-------++-------
Melee: Unarmed           |     1 |       |       |       |       ||     1
       Dagger            |       |     7 |    25 |     5 |       ||    37
       Staff             |       |       |       |    14 |    14 ||    28
 Cast: Sting             |    31 |    51 |    31 |       |    81 ||   194
       Poisonous Vapours |    17 |    45 |   101 |   277 |   421 ||   861
       Mephitic Cloud    |       |     2 |    11 |    50 |    48 ||   111
       Shock             |       |       |   105 |   253 |   119 ||   477
       Airstrike         |       |       |       |    62 |    82 ||   144
       Summon Butterflie |       |       |       |    15 |       ||    15
       Summon Ice Beast  |       |       |       |       |    25 ||    25
       Venom Bolt        |       |       |       |       |    55 ||    55
       Lightning Bolt    |       |       |       |       |    42 ||    42
Invok: Recall Ancestor   |       |       |     2 |    17 |    31 ||    50
       Ancestor Life: Ba |       |       |     1 |       |       ||     1
       Ancestor Identity |       |       |     1 |       |       ||     1
       Idealise          |       |       |       |       |    10 ||    10
  Use: Scroll            |       |     4 |     2 |     6 |     5 ||    17
       Potion            |       |       |       |       |     4 ||     4
 Stab: Sleeping          |       |     2 |     7 |     5 |       ||    14
       Distracted        |       |     1 |       |       |       ||     1
       Confused          |       |       |     1 |       |       ||     1
  Eat: Ration            |       |     2 |     3 |     8 |    14 ||    27
Armor: Robe              |     1 |       |       |     3 |     6 ||    10
Dodge: Dodged            |     8 |     4 |    22 |   175 |   227 ||   436
